 Dungeon Crawl Stone Soup version 0.30-a0-721-ga6a225cb13 (webtiles) character file.

Game seed: 13182526654730620979

7338 kae the Jinx (level 10, -8/44 HPs)
             Began as a Spriggan Enchanter on Jan 27, 2023.
             Was an Elder of Dithmenos.
             Engulfed by a fire crab's flame (14 damage)
             ... in a Gauntlet.
             The game lasted 00:16:41 (10781 turns).

kae the Jinx (Spriggan Enchanter)                  Turns: 10781, Time: 00:16:41

Health: -8/44      AC:  4    Str:  6    XL:     10   Next: 91%
Magic:  20/22      EV: 27    Int: 19    God:    Dithmenos [****..]
Gold:   296        SH:  5    Dex: 16    Spells: 10/24 levels left

rFire   . . .      SeeInvis +    a - +2 dagger (freeze)
rCold   . . .      Faith    .    (no shield)
rNeg    . . .      Spirit   .    y - +2 robe {Will+}
rPois   .          Reflect  +    (helmet restricted)
rElec   .          Harm     .    (no cloak)
rCorr   .          Rampage  .    (gloves unavailable)
Will    ++...      NoTele   +    (boots unavailable)
Stlth   +++++++                  t - amulet of reflection
HPRegen 0.27/turn                E - +5 ring of evasion
MPRegen 0.18/turn                L - ring of flight

@: flying, wreathed by umbra, studying Air Magic, very quick
A: very small, no large weapons, unfitting armour, see invisible, speed 3
a: Renounce Religion, Shadow Step


You were in a Gauntlet.
You worshipped Dithmenos.
Dithmenos was greatly pleased with you.
You visited 3 branches of the dungeon, and saw 11 of its levels.
You also visited: Bailey and Gauntlet.

You collected 526 gold pieces.
You spent 230 gold pieces at shops.


Innate Abilities, Weirdness & Mutations

You are very small and have problems with some larger weapons.
You are too small for most types of armour.
You have supernaturally acute eyesight. (SInv)
You cover ground extremely quickly. (Speed+++)


   Skills:
 * Level 9.4 Short Blades
 + Level 8.3 Dodging
 + Level 10.2 Stealth
 + Level 7.6 Spellcasting
 * Level 11.0 Hexes
 + Level 5.2 Invocations


You had 10 spell levels left.
You knew the following spells:

 Your Spells              Type           Power      Damage    Failure   Level
a - Ensorcelled Hibernat  Hex/Ice        56%        N/A       1%          2
b - Confusing Touch       Hex            49%        N/A       1%          3
c - Dazzling Flash        Conj/Hex       56%        N/A       3%          3
d - Tukima's Dance        Hex            49%        N/A       1%          3
e - Portal Projectile     Hex/Tloc       56%        N/A       3%          3

Your spell library contained the following spells:

 Spells                   Type           Power      Damage    Failure   Level
 Sublimation of Blood     Necr           7%         N/A       14%         2
 Wereblood                Tmut           7%         N/A       14%         2
 Ozocubu's Armour         Ice            7%         N/A       28%         3
 Metabolic Englaciation   Hex/Ice        14%        N/A       28%         5
 Blade Hands              Tmut           3%         N/A       95%         5
 Freezing Cloud           Conj/Ice/Air   3%         6-21      95%         5
 Simulacrum               Ice/Necr       3%         N/A       100%        6
 Summon Hydra             Summ           3%         N/A       100%        7
 Polar Vortex             Ice            3%         N/A       100%        9

Inventory:

Hand Weapons
 a - a +2 dagger of freezing (weapon)
Missiles
 f - 116 stones (quivered)
 h - 25 boomerangs
 k - 32 poisoned darts
 l - 3 throwing nets {=f!f}
Armour
 b - a +1 robe
 y - a +2 robe of willpower (worn)
   (You bought it in a shop on level 6 of the Dungeon)
Magical Staves
 c - a staff of cold {!a}
   (You found it on level 8 of the Dungeon)
Jewellery
 g - an amulet of regeneration
   (You took it off an orc on level 5 of the Dungeon)
 t - an amulet of reflection (around neck)
   (You found it on level 3 of the Dungeon)
 E - a +5 ring of evasion (left hand)
   (You found it on level 4 of the Dungeon)
 L - a ring of flight (right hand)
   (You took it off a kobold in a bailey)
Wands
 p - a wand of roots (3)
   (You took it off Robin on level 2 of the Dungeon)
 s - a wand of digging (9)
   (You found it on level 6 of the Dungeon)
 D - a wand of polymorph (4)
   (You took it off a kobold on level 9 of the Dungeon)
 J - a wand of flame (8)
   (You found it on level 9 of the Dungeon)
Scrolls
 u - 4 scrolls of teleportation {@r4}
 x - a scroll of torment {!r}
 B - a scroll of enchant armour
 I - a scroll of identify {@r1}
Potions
 d - 4 potions of heal wounds {@q2}
 e - 3 potions of ambrosia
 i - 2 potions of might {unknown}
 j - 3 potions of mutation {!q}
 m - 4 potions of degeneration {!q}
 n - 2 potions of lignification {unknown}
 o - 2 potions of resistance
 q - 2 potions of attraction {!q}
 r - 9 potions of curing {@q1}
 v - 2 potions of haste {unknown}
 w - 4 potions of brilliance {unknown}
 z - a potion of berserk rage {unknown}
 A - 4 potions of flight
Miscellaneous
 C - a phantom mirror
   (You found it in a bailey)
 F - a lightning rod (4/4)
   (You found it on level 9 of the Dungeon)
 G - a box of beasts
   (You found it on level 9 of the Dungeon)

Dungeon Overview and Level Annotations

Branches:
Dungeon (9/15) Zot: 25903  Temple (1/1) D:4 Zot: 5947    Lair (1/5) D:8 Zot: 5982
    Orc (0/2) D:9          Bailey (visited)         Gauntlet (1/1) Zot: 5790

Altars:
Ashenzari
Cheibriados
Dithmenos
Elyvilon
Fedhas
Gozag
Hepliaklqana
Kikubaaqudgha
Nemelex Xobeh
Okawaru
Qazlal
Ru
Sif Muna
Trog
Uskayaw
Vehumet
Wu Jian
Xom
Yredelemnul
Zin
The Shining One

Shops:
D:6 [

Annotations:
Temple 2 transporters Gauntlet 15 transporters, exclusion: lightning spire

≈≈ §§≈#........©#......#8#
########.#############..###
.......#.#.#.?#.©.#[.#..# ^
..#.#.#.##..#.#..##..###
#..#.#.#.#..#..#.#..#8#
##.##..#.#.#..#...#..#..###
#^©^#..#©#.##.°#.#..##..#
##.##..###.#.#°°#°.#.#..###
##.##..#...#..#○@°#..#..#8#
^....#h#...#..t#b#...#..###
......h#...#...°#°...#..#
########...###########..#
.........≈......©......≈###
........≈8§........∩...∩#8#
.........≈......©......≈###
########...###########..#
....#zz#...#hph.h....#..#


You could see a fire crab and a fire bat.


Message History

Key pressed, stopping explore.
Key pressed, stopping explore.
Key pressed, stopping explore.
Key pressed, stopping explore.
The wolf howls!
Key pressed, stopping explore.
Key pressed, stopping explore.
Key pressed, stopping explore.
Key pressed, stopping explore.
Key pressed, stopping explore.
Key pressed, stopping explore.
Key pressed, stopping explore.
Key pressed, stopping explore.
Key pressed, stopping explore.
Key pressed, stopping explore.
There is a transporter here.
Key pressed, stopping explore.
Key pressed, stopping explore.
Key pressed, stopping explore.
Key pressed, stopping explore.
Key pressed, stopping explore.
Key pressed, stopping explore.
Key pressed, stopping explore.
Key pressed, stopping explore.
Key pressed, stopping explore.
Key pressed, stopping explore.
Key pressed, stopping explore.
Found a pair of shimmering boots.
Key pressed, stopping explore.
The flying skull gives a hideous shriek!
Key pressed, stopping explore.
Key pressed, stopping explore.
Marking area around a lightning spire as unsafe for travelling.
Key pressed, stopping explore.
Found a pair of distressingly furry gloves.
The flying skull gives a hideous shriek!
You hear a hideous shriek! x5
The elephant changes into a water nymph!
Key pressed, stopping explore.
Key pressed, stopping explore.
Unknown command.
Key pressed, stopping explore.
Unknown command.
The flying skull gives a hideous shriek! x2
The water nymph changes into a swamp worm!
Key pressed, stopping explore.
Unknown command.
The scorpion changes into an ogre!
The swamp worm changes into a merfolk!
Key pressed, stopping explore.
Partly explored, unvisited transporter.
Partly explored, unvisited transporter.
Partly explored, unvisited transporter.
Partly explored, unvisited transporter.
The merfolk shouts!
The flying skull gives a hideous shriek!
The merfolk changes into a swamp dragon!
The ogre changes into an acid dragon!
The raiju barks!
There is a transporter here.
Press: ? - help, . - travel You can't see that place. [the floor.] Unknown command.
The wolf howls!
The raiju barks!
There is a transporter here.
You enter the transporter and appear at another place.
The fire bat closely misses you. The fire crab breathes flames at you.
The blast of flame engulfs the fire bat.
The fire bat completely resists.
The fire bat bites you.
You are engulfed in flames.
The fire bat completely misses you. The fire bat misses you. 😕 HP[-6]
You take 6 damage, and now have 38/44 hp.
Casting: Confusing Touch (safe; 1% risk of failure)
Confirm with . or Enter, or press ? or * to list all spells.
Aiming: Ensorcelled Hibernation (safe; 1% risk of failure)
Press: ? - help, Shift-Dir - straight line, f - fire bat
Aim: a fire bat (flame, umbra, chance to affect: 67%)
The fire bat looks drowsy...
You are engulfed in blazing flames.
Ouch! That really hurt!
* * * LOW HITPOINT WARNING * * *
You emit a cloud of dark smoke.
The fire bat completely misses you. The fire bat bites you.
* * * LOW HITPOINT WARNING * * *
You are engulfed in flames.
* * * LOW HITPOINT WARNING * * *
The fire bat closely misses you. 😱 HP[-32] MP[-2]
You take 32 damage, and now have 6/44 hp.
MASSIVE DAMAGE!! (PAUSE)
You lost 2 mp, and now have 20/22 mp.
The helpless fire bat fails to defend itself.
You perforate the fire bat like a sieve!!!!
You freeze the fire bat.
You kill the fire bat!
Dithmenos accepts your kill.
You are engulfed in blazing flames.
You die...

Skill      XL: |  1  2  3  4  5  6  7  8  9 10 |
---------------+-------------------------------+-----
Hexes          | 4 5 6 8 9 11 | 11.0
Dodging        | 3 4 5 6 7 8 |  8.3
Short Blades   | 2 3 4 5 6 8 9 |  9.4
Spellcasting   | 3 4 5 6 7 |  7.6
Stealth        | 5 6 7 9 10 | 10.2
Invocations    | 2 3 4 5 |  5.2

Action                     |  1- 3 |  4- 6 |  7- 9 | 10-12 || total
---------------------------+-------+-------+-------+-------++-------
  Melee: Dagger            |   127 |   118 |   256 |   334 ||   835
         Punch             |     1 |     2 |     1 |    10 ||    14
   Cast: Ensorcelled Hiber |    19 |    32 |    63 |    25 ||   139
         Confusing Touch   |       |     1 |     9 |    22 ||    32
         Dazzling Flash    |       |       |       |     7 ||     7
         Tukima's Dance    |       |       |       |     3 ||     3
    Use: Scroll            |       |     6 |    10 |     2 ||    18
         Potion            |       |       |     1 |     1 ||     2
   Stab: Sleeping          |    21 |    29 |    45 |    20 ||   115
         Confused          |       |     3 |     9 |    18 ||    30
         Invisible         |       |       |     5 |    14 ||    19
         Distracted        |       |       |       |     1 ||     1
 Armour: Robe              |    29 |     6 |    18 |     6 ||    59
  Dodge: Dodged            |   128 |    60 |   200 |   242 ||   630
  Block: Other             |       |    27 |    60 |    40 ||   127
         Reflection        |       |     2 |    10 |       ||    12

Levels and vault maps discovered:
D:1:      onia_arrival_zoo_common, layout_loops_ring,
          chequers_ecumenical_altar_island
D:2:      layout_basic, kennysheep_generic_room_3, uniq_robin
D:3:      layout_rooms, nicolae_vehumet_radiance,
          nicolae_overflow_hallway_of_the_gods
D:4:      layout_loops_cross, minmay_temple_entry_trees, minmay_goblin_outpost,
          uniq_eustachio
D:5:      layout_loops_corners, mainiacjoe_overflow_catwalk,
          minmay_misc_feat_hallway, uniq_menkaure
D:6:      layout_gridville, serial_shops, shop, kennysheep_minor_cross
D:7:      layout_loops_ring, nicolae_overflow_two_pavilions, enter_bailey_3,
          minmay_manual_monstrance
D:8:      layout_gridville, fedhas_altar_decomposition, kennysheep_little_box,
          hellmonk_lair_entry_icy
D:9:      layout_grid_maze, mainiacjoe_overflow_paths, zin_academy,
          mainiacjoe_overflow_alcove_4, orc_0_dummy
Temple:   hellmonk_temple_divided_pantheon
Lair:1:   layout_gridlike, gauntlet_entry_generic,
          chequers_serial_rivers_micro_e, cheibrodos_lair_caveside_slide,
          grunt_megastairs_5
Gauntlet: gammafunk_gauntlet_branching [gammafunk_gauntlet_arena_corners,
          gammafunk_gauntlet_arena_arrow_garden, nicolae_gauntlet_arena_grate_2,
          nicolae_gauntlet_swirl, nicolae_gauntlet_arena_blocks,
          gammafunk_gauntlet_arena_spirals, nicolae_gauntlet_arena_flowing_pool,
          gammafunk_gauntlet_arena_mazey, dreamdust_gauntlet_exit_labyrinth]

Notes
Turn   | Place    | Note
-------+----------+-------------------------------------------
     0 | D:1      | kae the Spriggan Enchanter began the quest for the Orb.
     0 | D:1      | Reached XP level 1. HP: 9/9 MP: 5/5
     0 | D:1      | magus.rc [v1.11.3]
     6 | D:1      | Noticed a polar bear
     6 | D:1      | Noticed a swamp drake
     6 | D:1      | Noticed a water moccasin
   207 | D:1      | Reached XP level 2. HP: 9/13 MP: 6/6
   260 | D:1      | Reached skill level 4 in Hexes
   273 | D:1      | Learned a level 2 spell: Ensorcelled Hibernation
   522 | D:1      | Reached skill level 3 in Dodging
   587 | D:1      | Found a faded altar of an unknown god.
   604 | D:1      | Reached skill level 2 in Short Blades
   840 | D:2      | You pick up a book of Blood and begin reading...
   840 | D:2      | You add the spells Sublimation of Blood, Wereblood and
                  | Summon Hydra to your library.
   892 | D:2      | Reached skill level 3 in Spellcasting
   892 | D:2      | Reached XP level 3. HP: 16/16 MP: 6/8
   896 | D:2      | Learned a level 3 spell: Confusing Touch
   900 | D:2      | Learned a level 3 spell: Dazzling Flash
  1065 | D:2      | Noticed Robin
  1127 | D:2      | HP: 4/16 [goblin/+0 club[Robin] (3)]
  1250 | D:1      | HP: 3/16 [goblin/+0 dagger[Robin] (6)]
  1382 | D:2      | Killed Robin
  1565 | D:2      | Reached XP level 4. HP: 21/21 MP: 6/9
  1775 | D:3      | Reached skill level 3 in Short Blades
  1775 | D:3      | Reached skill level 5 in Stealth
  1826 | D:3      | Found a radiant altar of Vehumet.
  2214 | D:3      | Found a stormy altar of Qazlal.
  2216 | D:3      | Found a white marble altar of Elyvilon.
  2258 | D:3      | You pick up a book of Ice and begin reading...
  2258 | D:3      | You add the spells Freezing Cloud, Simulacrum and Polar
                  | Vortex to your library.
  2295 | D:3      | Found a snail-covered altar of Cheibriados.
  2300 | D:3      | Found a broken altar of Ashenzari.
  2304 | D:3      | Found a bloodstained altar of Trog.
  2307 | D:3      | Found a hazy altar of Hepliaklqana.
  2422 | D:4      | Reached XP level 5. HP: 24/24 MP: 11/11
  2504 | D:4      | Noticed Eustachio
  2569 | D:4      | Found a staircase to the Ecumenical Temple.
  2640 | D:4      | Killed Eustachio
  2641 | D:4      | Reached skill level 4 in Dodging
  2641 | D:4      | Reached skill level 5 in Hexes
  2641 | D:4      | Reached XP level 6. HP: 12/28 MP: 2/12
  2685 | Temple   | Entered the Ecumenical Temple
  2685 | Temple   | Found a transporter.
  2685 | Temple   | Found a transporter.
  2714 | Temple   | Found a transporter.
  2714 | Temple   | Found a transporter.
  2735 | Temple   | Became a worshipper of Dithmenos the Shadowed
  2993 | D:4      | Reached skill level 4 in Short Blades
  3226 | D:4      | Reached skill level 4 in Spellcasting
  3623 | D:5      | Entered Level 5 of the Dungeon
  3725 | D:5      | Noticed Menkaure
  3929 | D:5      | Reached skill level 6 in Stealth
  3934 | D:5      | Reached XP level 7. HP: 32/32 MP: 7/14
  3950 | D:5      | Reached skill level 6 in Hexes
  3950 | D:5      | Reached skill level 1 in Invocations
  4187 | D:5      | Reached * piety under Dithmenos
  4375 | D:5      | Found a sacrificial altar of Ru.
  4785 | D:5      | Killed Menkaure
  4786 | D:5      | Reached skill level 5 in Short Blades
  4937 | D:6      | Reached skill level 5 in Dodging
  5056 | D:6      | Reached skill level 2 in Invocations
  5056 | D:6      | Reached XP level 8. HP: 36/36 MP: 12/16
  5141 | D:6      | Reached skill level 7 in Hexes
  5368 | D:6      | Reached skill level 7 in Stealth
  5368 | D:6      | Reached skill level 5 in Spellcasting
  5659 | D:6      | Found Meizor's Armour Boutique.
  5663 | D:6      | Bought a +2 robe of willpower for 230 gold pieces
  5948 | D:7      | Reached skill level 6 in Short Blades
  6218 | D:7      | Reached skill level 8 in Hexes
  6220 | D:7      | Reached skill level 3 in Invocations
  6264 | D:7      | Found a flagged portal.
  6274 | D:7      | Reached ** piety under Dithmenos
  6282 | Bailey   | Entered a bailey
  6399 | Bailey   | Reached skill level 6 in Dodging
  6505 | Bailey   | Reached XP level 9. HP: 39/39 MP: 15/18
  6714 | Bailey   | Reached skill level 8 in Stealth
  6759 | Bailey   | Reached skill level 7 in Short Blades
  7076 | D:7      | Noticed a kobold demonologist
  7081 | D:7      | Noticed a green ugly thing
  7084 | D:7      | Killed a kobold demonologist
  7085 | D:7      | Reached skill level 6 in Spellcasting
  7179 | D:7      | Killed a green ugly thing
  7180 | D:7      | Reached skill level 9 in Hexes
  7180 | D:7      | Reached skill level 4 in Invocations
  7321 | D:7      | Reached skill level 7 in Dodging
  7357 | D:7      | Reached skill level 9 in Stealth
  7392 | D:7      | Reached skill level 8 in Short Blades
  7482 | D:7      | Reached *** piety under Dithmenos
  7556 | D:7      | Found a hide-covered altar of Uskayaw.
  7556 | D:7      | Found an ornate altar of the Wu Jian Council.
  7760 | D:8      | You pick up a book of Weapons and begin reading...
  7760 | D:8      | You add the spells Portal Projectile and Blade Hands to
                  | your library.
  7795 | D:8      | Reached XP level 10. HP: 44/44 MP: 15/20
  7843 | D:8      | Noticed a two-headed ogre
  7848 | D:8      | Killed a two-headed ogre
  7992 | D:8      | Reached skill level 10 in Hexes
  8034 | D:8      | Reached skill level 7 in Spellcasting
  8056 | D:8      | Found a staircase to the Lair.
  8334 | D:8      | Found a shimmering blue altar of Sif Muna.
  8413 | D:8      | Reached skill level 9 in Short Blades
  8437 | D:8      | Reached skill level 8 in Dodging
  8488 | D:8      | You pick up a book of Winter and begin reading...
  8488 | D:8      | You add the spells Ozocubu's Armour and Metabolic
                  | Englaciation to your library.
  8607 | D:8      | Found a blossoming altar of Fedhas.
  8759 | D:8      | Reached skill level 10 in Stealth
  8759 | D:8      | Reached skill level 5 in Invocations
  8887 | D:9      | Learned a level 3 spell: Tukima's Dance
  8887 | D:9      | Found a glowing silver altar of Zin.
  8939 | D:9      | Reached **** piety under Dithmenos
  9088 | D:9      | Found a staircase to the Orcish Mines.
  9290 | D:9      | Learned a level 3 spell: Portal Projectile
  9398 | D:9      | Found a sparkling altar of Nemelex Xobeh.
  9436 | D:9      | Found an opulent altar of Gozag.
 10116 | D:9      | Reached skill level 11 in Hexes
 10407 | Lair:1   | Entered Level 1 of the Lair of Beasts
 10425 | Lair:1   | Found a gate leading to a gauntlet.
 10434 | Gauntlet | Entered a Gauntlet
 10434 | Gauntlet | Found a transporter.
 10434 | Gauntlet | Found a transporter.
 10439 | Gauntlet | Noticed a fire crab
 10443 | Gauntlet | Found a transporter.
 10455 | Gauntlet | Found a transporter.
 10460 | Gauntlet | Noticed a green ugly thing
 10466 | Gauntlet | Noticed a great orb of eyes
 10472 | Gauntlet | Found a transporter.
 10485 | Gauntlet | Found a transporter.
 10497 | Gauntlet | Noticed a salamander
 10501 | Gauntlet | Noticed a black mamba
 10501 | Gauntlet | a black mamba changed into a jumping spider
 10502 | Gauntlet | Found a transporter.
 10518 | Gauntlet | Noticed a manticore
 10521 | Gauntlet | a water moccasin changed into a cane toad
 10521 | Gauntlet | Noticed a cane toad (glowing shapeshifter)
 10566 | Gauntlet | Noticed a necromancer
 10574 | Gauntlet | Found a transporter.
 10589 | Gauntlet | Found a transporter.
 10593 | Gauntlet | Noticed an apocalypse crab
 10609 | Gauntlet | Found a transporter.
 10616 | Gauntlet | Found a transporter.
 10693 | Gauntlet | Found a transporter.
 10695 | Gauntlet | Found a transporter.
 10707 | Gauntlet | Found a transporter.
 10710 | Gauntlet | Found a transporter.
 10714 | Gauntlet | Noticed an elephant
 10715 | Gauntlet | Found a transporter.
 10715 | Gauntlet | an elephant changed into a water nymph
 10715 | Gauntlet | Noticed a water nymph (glowing shapeshifter)
 10720 | Gauntlet | a water nymph changed into a swamp worm
 10736 | Gauntlet | a merfolk changed into a swamp dragon
 10736 | Gauntlet | Noticed a swamp dragon (glowing shapeshifter)
 10780 | Gauntlet | HP: 11/44 [fire bat (5)]
 10781 | Gauntlet | Engulfed by a fire crab's flame

Vanquished Creatures
  A two-headed ogre (D:8)
  An ugly thing (D:7)
  A kobold demonologist (D:7)
  A rime drake (D:8)
  A troll (D:9)
  Eustachio (D:4)
  A fire bat (Gauntlet)
  A steam dragon (D:9)
  Menkaure (D:5)
  A water moccasin (D:7)
  9 orc warriors
  5 ice beasts
  2 black bears (D:6)
  3 wolves (D:8)
  An ogre (D:6)
  4 centaurs
  A phantom (D:6)
  A gnoll sergeant (D:9)
  2 kobold brigands
  6 scorpions
  5 necrophages
  8 wights
  14 killer bees
  2 howler monkeys
  2 hounds
  3 jellies
  4 orc priests
  A gnoll bouda (D:7)
  5 iguanas
  2 orc wizards
  2 killer bee zombies (D:8)
  A howler monkey zombie (D:8)
  Robin (D:2)
  14 gnolls
  5 adders
  3 shadow imps
  A white imp (D:8)
  An ufetubus (D:5)
  2 dart slugs (D:4)
  30 orcs
  4 ball pythons
  2 endoplasms
  A giant cockroach (D:1)
  25 goblins
  14 hobgoblins
  35 kobolds
  5 quokkas
  6 bats
  3 frilled lizards (D:1)
  5 rats
250 creatures vanquished.

Vanquished Creatures (collateral kills)
  2 wights (D:9)
2 creatures vanquished.

Vanquished Creatures (others)
  A dancing weapon (D:9)
  2 bushes (D:8)
  6 fungi (Gauntlet)
  20 plants
29 creatures vanquished.

Grand Total: 281 creatures vanquished

Table legend:
 A = Non-vault XP
 B = Vault XP
 C = Vault XP percentage of total XP
 D = Non-vault monster count
 E = Vault monster count
 F = Vault count percentage of total count
                 A         B        C        D         E       F
            +---------+---------+-------+---------+---------+-------
      Total |    6176 |    4506 |  42.2 |     177 |      75 |  29.8
            +---------+---------+-------+---------+---------+-------
        D:1 |      38 |       8 |  17.4 |      25 |       4 |  13.8
        D:2 |      30 |      29 |  49.2 |      12 |       8 |  40.0
        D:3 |      90 |       0 |   0.0 |       8 |       0 |   0.0
        D:4 |     247 |     218 |  46.9 |      22 |       9 |  29.0
        D:5 |     435 |     169 |  28.0 |      21 |       1 |   4.5
        D:6 |     764 |       0 |   0.0 |      12 |       0 |   0.0
        D:7 |    1003 |    1234 |  55.2 |      16 |      11 |  40.7
        D:8 |    2142 |    1665 |  43.7 |      32 |      15 |  31.9
        D:9 |    1427 |       0 |   0.0 |      29 |       0 |   0.0
     Bailey |       0 |     984 | 100.0 |       0 |      26 | 100.0
   Gauntlet |       0 |     199 | 100.0 |       0 |       1 | 100.0
            +---------+---------+-------+---------+---------+-------

Illustrated notes

Table legend:
 A = Kills in this place as a percentage of kills in entire the game.
 B = Kills by you in this place as a percentage of kills by you in the entire game.
 C = Kills by friends in this place as a percentage of kills by friends in the entire game.
 D = Other kills in this place as a percentage of other kills in the entire game.
 E = Experience gained in this place as a percentage of experience gained in the entire game.
 F = Experience gained in this place divided by the number of levels of this place that you have seen.
                   A       B       C       D       E      F
               +-------+-------+-------+-------+-------+----------------------
         Total | 100.0 | 100.0 | 100.0 |   N/A | 100.0 | 821.7
       Dungeon |  89.3 |  89.2 | 100.0 |   N/A |  88.9 | 1055.4
        Bailey |  10.3 |  10.4 |   0.0 |   N/A |   9.2 | 984.0
      Gauntlet |   0.4 |   0.4 |   0.0 |   N/A |   1.9 | 199.0
               +-------+-------+-------+-------+-------+----------------------

Table legend: (Time is in decaauts)
 A = Elapsed time spent in this place.
 B = Non-inter-level travel time spent in this place.
 C = Inter-level travel time spent in this place.
 D = Time resting spent in this place.
 E = Time spent auto-exploring this place.
 F = Levels seen in this place.
 G = Mean time per level.
                   A        B        C        D        E       F      G
               +--------+--------+--------+--------+--------+-----+--------+
         Total |   7770 |   7545 |    225 |    813 |   4794 |  13 |  597.7 |
       Dungeon |   6872 |   6659 |    213 |    602 |   4487 |   9 |  763.6 |
        Temple |     52 |     47 |      5 |      0 |     31 |   1 |   52.0 |
          Lair |     17 |     11 |      6 |      0 |      0 |   1 |   17.0 |
        Bailey |    619 |    619 |      0 |    210 |    102 |   1 |  619.0 |
      Gauntlet |    209 |    209 |      0 |      0 |    173 |   1 |  209.0 |
               +--------+--------+--------+--------+--------+-----+--------+

Top non-repeatable levels by time:
     D:9: 1078 daAuts
     D:4: 927 daAuts
     D:5: 883 daAuts
     D:8: 837 daAuts
     D:1: 736 daAuts
     D:6: 727 daAuts
     D:7: 705 daAuts
  Bailey: 619 daAuts
     D:2: 516 daAuts
     D:3: 459 daAuts
Gauntlet: 209 daAuts
  Temple: 52 daAuts
  Lair:1: 17 daAuts
